 Dungeon Crawl Stone Soup version 0.29-a0-817-g9904bce7a6 (webtiles) character file.

Game seed: 1456379317465675690

1 LynnLen the Vexing (level 1, -1/10 HPs)
             Began as a Vampire Enchanter on July 6, 2022.
             Slain by a hobgoblin (4 damage)
             ... on level 1 of the Dungeon.
             The game lasted 00:00:37 (137 turns).

LynnLen the Vexing (Vampire Enchanter)               Turns: 137, Time: 00:00:37

Health: -1/10      AC:  2    Str:  7    XL:     1   Next: 16%
Magic:  3/3        EV:  9    Int: 17    God:
Gold:   34         SH:  0    Dex: 14    Spells: 4/4 levels left

rFire   . . .      SeeInvis +   a - +1 dagger
rCold   + + .      Faith    .   (no shield)
rNeg    + + +      Spirit   .   b - +0 robe
rPois   ∞          Reflect  .   (no helmet)
rElec   .          Harm     .   (no cloak)
rCorr   .          Rampage  .   (no gloves)
Will    .....                   (no boots)
Stlth   +++++.....              (no amulet)
HPRegen 0.00/turn               (no ring)
MPRegen 0.08/turn               (no ring)

@: bloodless, inhibited regen, constricted
A: bloodless, fangs 3, see invisible, vampiric 1
a: Revivify


You were on level 1 of the Dungeon.
You visited 1 branch of the dungeon, and saw 1 of its levels.

You collected 34 gold pieces.

Inventory:

Hand Weapons
 a - a +1 dagger (weapon)
Armour
 b - a +0 robe (worn)
Potions
 c - 2 potions of invisibility
 d - a potion of ambrosia {unknown}
 e - a potion of heal wounds {unknown}


   Skills:
 + Level 1.1 Short Blades
 + Level 2.1 Dodging
 * Level 4.4 Stealth
 * Level 2.1 Spellcasting
 + Level 4.4 Hexes


You had 4 spell levels left.
You didn't know any spells.
Your spell library contained the following spells:

 Spells                   Type           Power      Damage    Failure   Level
 Confusing Touch          Hex            16%        N/A       10%         3
 Tukima's Dance           Hex            16%        N/A       10%         3
 Ensorcelled Hibernation  Hex/Ice        18%        N/A       12%         2
 Dazzling Flash           Conj/Hex       18%        N/A       24%         3


Dungeon Overview and Level Annotations

Branches:
Dungeon (1/15)

Altars:


Innate Abilities, Weirdness & Mutations

You do not regenerate when monsters are visible.
You are frail without blood (-20% HP).
You can heal yourself when you bite living creatures.
You are immune to poison.
You have razor-sharp teeth.
You have supernaturally acute eyesight. (SInv)
You are afflicted with vampirism.


Message History

You now have 34 gold pieces (gained 10).
A ball python comes into view.
A ball python is nearby!
Found 8 stones.
The helpless ball python fails to defend itself.
You bite the ball python, and draw its blood!
You puncture the ball python!
You kill the ball python!
d - a white potion
e - a dark potion You see here a staff of cold.
A ball python comes into view.
A ball python is nearby!
A hobgoblin comes into view.
The hobgoblin shouts!
The ball python bites you but does no damage.
The ball python misses you. The ball python misses you.
The ball python grabs you. The ball python constricts you.
The ball python closely misses you. The ball python constricts you.
You barely miss the ball python. The ball python barely misses you.
The ball python constricts you.
You hit the ball python.
The ball python is moderately wounded.
The hobgoblin closely misses you. The ball python bites you.
The ball python constricts you.
You barely miss the ball python.
The ball python is moderately wounded.
The hobgoblin closely misses you. The ball python bites you.
The ball python constricts you.
You hit the ball python.
The ball python is severely wounded.
The hobgoblin barely misses you. The ball python closely misses you.
The ball python constricts you.
* * * LOW HITPOINT WARNING * * *
You closely miss the ball python.
The ball python is severely wounded.
The ball python barely misses you. The ball python constricts you.
The hobgoblin hits you.
You die...

####### #.....#
#.###.### ### ##.#
#....
#####.####..###.###
#.@..#....#........
#gS.###....###..###
#..#.#.####.#......
#..#..## ##.##.##.
#..#..########.....
...............#...
#..##..####.###.....
#.# #..####.####.#..
#.# ..........##.#..


You could see a hobgoblin and a ball python.

Vanquished Creatures
  2 ball pythons (D:1)
2 creatures vanquished.

Notes
Turn   | Place    | Note
-------+----------+-------------------------------------------
     0 | D:1      | LynnLen the Vampire Enchanter began the quest for the Orb.
     0 | D:1      | Reached XP level 1. HP: 13/13 MP: 3/3
   137 | D:1      | Slain by a hobgoblin

Illustrated notes

Levels and vault maps discovered:
D:1:      matt_arrival_spirals, layout_loops_ring,
          chequers_serial_rivers_micro_d, serial_park_tiny_pond

Action                   || total
-------------------------++-------
Melee: Dagger            ||     7
 Abil: Exsanguinate      ||     1
 Stab: Sleeping          ||     2
Armor: Robe              ||     1
Dodge: Dodged            ||     9

Table legend: (Time is in decaauts)
 A = Elapsed time spent in this place.
 B = Non-inter-level travel time spent in this place.
 C = Inter-level travel time spent in this place.
 D = Time resting spent in this place.
 E = Time spent auto-exploring this place.
 F = Levels seen in this place.
 G = Mean time per level.
                   A        B        C        D        E       F      G
               +--------+--------+--------+--------+--------+-----+--------+
         Total |    136 |    136 |      0 |      0 |     64 |   1 |  136.0 |
       Dungeon |    136 |    136 |      0 |      0 |     64 |   1 |  136.0 |
               +--------+--------+--------+--------+--------+-----+--------+

Top non-repeatable levels by time:
     D:1: 136 daAuts
